 Dungeon Crawl Stone Soup version 0.28-a0-577-gb193047a1f (webtiles) character file.

Game seed: 17440638827475360337

33515 iamoutofideas the Executioner (level 13, 0/116 HPs)
             Began as a Hill Orc Fighter on Oct 2, 2021.
             Was an Initiate of Gozag.
             Succumbed to Nessos's poison
             ... on level 4 of the Lair of Beasts.
             The game lasted 00:24:34 (15853 turns).

iamoutofideas the Executioner (Hill Orc Fighter)   Turns: 15853, Time: 00:24:35

Health: 0/116      AC: 25    Str: 29 (30) XL:     13   Next: 71%
Magic:  11/11      EV: 11    Int:  6 (8)  God:    Gozag
Gold:   171        SH:  5    Dex:  8 (10) Spells: 12/12 levels left

rFire   . . .      SeeInvis .   a - +0 war axe
rCold   . . .      Faith    .   c - +0 buckler
rNeg    . . .      Spirit   .   E - +5 scale mail of Incorporation {Fly Stlth+}
rPois   .          Reflect  .   y - +0 helmet
rElec   .          Harm     .   z - +2 cloak {rCorr}
rCorr   +          Rampage  .   (no gloves)
Will    .....                   e - +0 pair of boots
Stlth   +.........              u - amulet of regeneration
HPRegen 1.29/turn               L - +4 ring of protection
MPRegen 0.12/turn               A - +6 ring of strength

@: lethally poisoned (0 -> -6), flying
A: iridescent scales 1, low mp 1
a: Renounce Religion, Potion Petition, Call Merchant, Bribe Branch


You were on level 4 of the Lair of Beasts.
You worshipped Gozag.
Gozag was aware of your devotion.
You visited 3 branches of the dungeon, and saw 20 of its levels.

You collected 3187 gold pieces.
You spent 495 gold pieces at shops.
You paid 2521 gold pieces to Gozag.

Inventory:

Hand Weapons
 a - a +0 war axe (weapon)
Missiles
 M - 8 curare-tipped darts (quivered)
Armour
 b - a +0 scale mail
 c - a +0 buckler (worn)
 e - a +0 pair of boots (worn)
 g - a +0 helmet
 y - a +0 helmet (worn)
 z - a +2 cloak of preservation (worn)
 E - the +5 scale mail of Incorporation (worn) {Fly Stlth+}
   (You found it on level 8 of the Dungeon)

   Fly:       It grants you flight.
   Stlth:     It makes you more stealthy.
 Q - the +1 scale mail of the Harvest {rPois rF+ Dex+4}
   (You found it on level 12 of the Dungeon)

   Dex:       It affects your dexterity (+4).
   rF:        It protects you from fire.
   rPois:     It protects you from poison.
Jewellery
 t - a ring of positive energy
 u - an amulet of regeneration (around neck)
 A - a +6 ring of strength (right hand)
 B - a ring of flight
 K - a ring of magical power
 L - a +4 ring of protection (left hand)
Wands
 D - a wand of flame (31)
 I - a wand of polymorph (21)
 O - a wand of mindburst (19)
Scrolls
 f - 7 scrolls of teleportation
 i - 8 scrolls of enchant weapon
 j - 4 scrolls of noise
 k - 2 scrolls of blinking
 l - 2 scrolls of immolation
 m - 3 scrolls of fear
 n - 3 scrolls of magic mapping
 q - 5 scrolls of identify
 r - 2 scrolls of holy word
 w - 2 scrolls of enchant armour
 F - 2 scrolls of summoning
 H - a scroll of fog
Potions
 h - 5 potions of brilliance
 o - 4 potions of attraction
 p - a potion of mutation
 v - a potion of lignification
 C - 2 potions of flight
 G - 6 potions of magic
 J - 10 potions of ambrosia
 P - a potion of haste


   Skills:
 + Level 11.6 Fighting
 - Level 21.5 Axes
 + Level 9.8 Armour
 + Level 4.2 Dodging
 * Level 9.2 Shields
 + Level 1.5 Evocations


You had 12 spell levels left.
You didn't know any spells.
Your spell library contained the following spells:

 Spells                   Type           Power      Damage    Failure   Level
 Animate Skeleton         Necr           0%         N/A       67%         1
 Beastly Appendage        Tmut           0%         N/A       67%         1
 Magic Dart               Conj           0%         1d3       67%         1
 Pain                     Necr           0%         1d4       67%         1
 Shock                    Conj/Air       0%         1d3       67%         1
 Searing Ray              Conj           0%         2d4       80%         2
 Wereblood                Tmut           0%         N/A       80%         2
 Conjure Flame            Conj/Fire      0%         6-21      95%         3
 Dazzling Flash           Conj/Hex       0%         N/A       95%         3
 Ignite Poison            Fire/Tmut/Pois 0%         N/A       95%         3
 Spider Form              Tmut/Pois      0%         N/A       95%         3
 Swiftness                Air            0%         N/A       95%         3
 Vampiric Draining        Necr           0%         2d6       95%         3
 Airstrike                Air            0%         N/A       100%        4
 Fulminant Prism          Conj/Hex       0%         3d6       100%        4
 Iskenderun's Mystic Bla  Conj/Tloc      0%         2d3       100%        4
 Sticky Flame             Conj/Fire      0%         2d3       100%        4
 Agony                    Necr           0%         N/A       100%        5
 Silence                  Hex/Air        0%         N/A       100%        5
 Starburst                Conj/Fire      0%         6d3       100%        6


Dungeon Overview and Level Annotations

Branches:
Dungeon (15/15)            Temple (1/1) D:7            Lair (4/6) D:8
 Shoals (0/4) Lair:3       Spider (0/4) Lair:4          Orc (0/2) D:11
 Depths (0/4) D:15
 Vaults: D:13-14

Altars:
Ashenzari
Cheibriados
Dithmenos
Elyvilon
Fedhas
Gozag
Hepliaklqana
Kikubaaqudgha
Makhleb
Nemelex Xobeh
Okawaru
Qazlal
Ru
Sif Muna
Trog
Uskayaw
Vehumet
Wu Jian
Xom
Yredelemnul
Zin
The Shining One

Shops:
D:6 **!   D:7 :   Lair:4 [

Annotations:
D:10 1 exclusion
Lair:1 exclusion: downstairs
Lair:3 exclusion: downstairs
Lair:4 Nessos


Innate Abilities, Weirdness & Mutations

You are partially covered in iridescent scales. (AC +2)
Your magical capacity is low. (-10% MP)


Message History

Nessos mumbles some strange words.
Nessos blinks!
Nessos shoots an arrow.
You block the arrow.
You feel extremely sick.
Nessos shoots an arrow.
You block the arrow.
Nessos shoots an arrow.
The arrow hits you! The arrow burns you.
You are more poisoned.
You are too injured to fight recklessly!
Okay, then.
It was a potion of cancellation.
You feel magically purged.
You feel extremely sick.
Nessos mumbles some strange words.
Nessos blinks!
Nessos shoots an arrow.
You block the arrow.
Okay, then.
Okay, then.
Blink to where?
Press: ? - help, Dir - move target
As you read the scroll of blinking, it crumbles to dust.
You feel extremely sick.
Nessos shoots an arrow.
The arrow hits you!
* * * LOW HITPOINT WARNING * * *
The arrow burns you.
* * * LOW HITPOINT WARNING * * *
Blink to where?
Press: ? - help, Dir - move target
Found a scroll of identify.
As you read the scroll of blinking, it crumbles to dust.
* * * LOW HITPOINT WARNING * * *
You feel very sick.
It was a potion of degeneration.
There was something very wrong with that liquid.
You feel weakened.
You feel dopey.
You feel clumsy.
* * * LOW HITPOINT WARNING * * *
You feel very sick.
Okay, then.
Okay, then.
As you read the scroll labelled KATOOTUCOL, it crumbles to dust.
It is a scroll of amnesia.
You feel forgetful for a moment.
You die...
Your body crumbles into a pile of gold.

P..# #..$..s.# #..##
........# ##.......#
#.#.# .........
#.c........# #..##
......... ##.....≈≈≈.≈≈≈
##..## ....?...#
#....≈.≈≈.≈≈. ##.>.###
........# #....≈≈^≈.≈.≈
#......# ........#
..#...≈≈≈...≈≈ #.....##
#.......#...#.......>...
#......# #......@.#
#......###.......##
##......###......#
#.....#....#..####
##....###..P..# ####.#
##.P.## ## ##. #...##
#.### ##..#####P...
###..#.##...##


There were no monsters in sight!

Vanquished Creatures
  2 hydras
  A boulder beetle (D:10)
  A catoblepas (Lair:4)
  A centaur warrior (D:13)
  3 two-headed ogres
  Sonja (Lair:1)
  Nergalle (Lair:4)
  3 deep elf pyromancers
  11 ugly things
  A manticore (D:11)
  A merfolk siren (Lair:3)
  Maurice (D:8)
  A black mamba (Lair:4)
  6 cane toads
  A kobold demonologist (D:11)
  2 komodo dragons (Lair:1)
  5 trolls
  3 meliai (Lair:4)
  A jumping spider (Lair:4)
  A hornet (D:8)
  A slime creature (D:10)
  4 blink frogs
  2 centaur simulacra
  2 wyverns
  18 yaks
  4 shadows
  4 fire bats (D:10)
  3 basilisks
  A steam dragon (D:10)
  8 vampire mosquitoes
  2 acid dragons (D:10)
  9 water moccasins
  A hell hound (D:10)
  2 ice beasts
  4 orc warriors
  A black bear (Lair:1)
  3 sky beasts
  7 ogres
  10 wolves
  8 centaurs
  2 phantoms
  5 kobold brigands
  5 bullfrogs
  A scorpion (D:7)
  A gnoll sergeant (Temple)
  A water moccasin skeleton (D:6)
  2 troll zombies (D:11)
  24 killer bees
  A wight (D:10)
  3 electric eels (D:8)
  7 centaur zombies
  12 orc priests
  A bullfrog skeleton (D:5)
  A centaur skeleton (D:4)
  6 hounds
  Jessica (D:2)
  A gnoll shaman (D:6)
  2 iguanas (D:4)
  14 orc wizards
  A scorpion zombie (D:5)
  2 killer bee zombies
  6 ogre zombies (D:11)
  A hound zombie (D:5)
  A hound skeleton (D:4)
  2 adders
  11 gnolls
  A white imp (D:5)
  An ufetubus (D:4)
  3 dart slugs (D:1)
  24 orcs
  3 ball pythons
  5 endoplasms
  A giant cockroach (D:1)
  4 goblins
  3 hobgoblins
  2 jackals (D:4)
  28 kobolds
  2 quokkas (D:2)
  5 bats
  A frilled lizard (D:1)
  2 goblin skeletons (D:11)
  8 goblin zombies (D:11)
  A hobgoblin zombie (D:11)
  3 orc skeletons (D:11)
  11 orc zombies (D:11)
  2 rats
365 creatures vanquished.

Vanquished Creatures (others)
  10 fungi
  10 plants
20 creatures vanquished.

Grand Total: 385 creatures vanquished

Notes
Turn   | Place    | Note
-------+----------+-------------------------------------------
     0 | D:1      | iamoutofideas the Hill Orc Fighter began the quest for the
                  | Orb.
     0 | D:1      | Reached XP level 1. HP: 19/19 MP: 1/1
    44 | D:1      | Reached skill level 3 in Axes
    68 | D:1      | Reached XP level 2. HP: 26/26 MP: 2/2
    97 | D:1      | Reached skill level 4 in Axes
   593 | D:2      | Noticed Jessica
   601 | D:2      | Killed Jessica
   602 | D:2      | Reached skill level 5 in Axes
   602 | D:2      | Reached XP level 3. HP: 23/31 MP: 3/3
  1168 | D:3      | Reached XP level 4. HP: 39/39 MP: 4/4
  1722 | D:4      | Reached skill level 6 in Axes
  1742 | D:4      | Reached XP level 5. HP: 45/45 MP: 5/5
  1757 | D:4      | Noticed an ogre
  1770 | D:4      | Killed an ogre
  1771 | D:4      | Reached skill level 7 in Axes
  1773 | D:4      | Reached skill level 8 in Axes
  1773 | D:4      | Reached XP level 6. HP: 36/51 MP: 6/6
  1916 | D:4      | Found an iron altar of Okawaru.
  2108 | D:4      | Reached skill level 9 in Axes
  2540 | D:5      | Entered Level 5 of the Dungeon
  2566 | D:5      | Reached XP level 7. HP: 57/57 MP: 7/7
  2578 | D:5      | Reached skill level 10 in Axes
  2736 | D:5      | Gained mutation: You tend to lose your temper in combat.
                  | [potion of mutation]
  2855 | D:5      | Reached skill level 11 in Axes
  2936 | D:5      | Reached XP level 8. HP: 64/64 MP: 8/8
  3338 | D:5      | Reached skill level 12 in Axes
  3491 | D:5      | Found a sparkling altar of Nemelex Xobeh.
  3617 | D:6      | Reached skill level 13 in Axes
  3820 | D:6      | Found Iggai's Distillery.
  3833 | D:6      | Bought a potion of curing for 36 gold pieces
  3833 | D:6      | Bought 2 potions of curing for 72 gold pieces
  4167 | D:6      | Reached skill level 14 in Axes
  4390 | D:6      | Found Xexis's General Store.
  4436 | D:6      | Found an opulent altar of Gozag.
  4502 | D:6      | Became a worshipper of Gozag Ym Sagoz the Greedy
  4604 | D:6      | Found Cacip's Assorted Antiques.
  4635 | D:6      | Reached XP level 9. HP: 62/70 MP: 9/9
  4826 | D:7      | Reached skill level 15 in Axes
  5342 | D:7      | Found a staircase to the Ecumenical Temple.
  5354 | Temple   | Entered the Ecumenical Temple
  5979 | D:7      | Found Vocuap's Book Emporium.
  6167 | D:7      | Reached skill level 16 in Axes
  6634 | D:8      | Found an ornate altar of the Wu Jian Council.
  6766 | D:8      | Noticed a hornet
  6767 | D:8      | Found a staircase to the Lair.
  6770 | D:8      | Noticed a troll
  6788 | D:8      | Killed a hornet
  6894 | D:8      | Killed a troll
  6895 | D:8      | Reached skill level 17 in Axes
  7029 | D:8      | Noticed Maurice
  7049 | D:8      | Reached XP level 10. HP: 56/77 MP: 10/10
  7125 | D:8      | Killed Maurice
  7126 | D:8      | Reached skill level 18 in Axes
  7285 | D:8      | Identified the +5 scale mail of Incorporation {Fly Stlth+}
  7325 | D:8      | Found Hyipp's Overcharged Wands.
  7647 | D:9      | Found a burning altar of Makhleb.
  7823 | D:9      | Reached skill level 19 in Axes
  8335 | D:10     | Entered Level 10 of the Dungeon
  8378 | D:10     | Noticed a brown ugly thing
  8380 | D:10     | Noticed a boulder beetle
  8389 | D:10     | Killed a brown ugly thing
  8390 | D:10     | Reached skill level 20 in Axes
  8396 | D:10     | Reached XP level 11. HP: 82/82 MP: 11/11
  8398 | D:10     | Killed a boulder beetle
  8571 | D:10     | Reached skill level 21 in Axes
  8790 | D:10     | Found an ancient bone altar of Kikubaaqudgha.
  8866 | D:10     | Noticed a boulder beetle
  8978 | D:10     | Found a stormy altar of Qazlal.
  9211 | D:10     | Reached skill level 1 in Dodging
  9575 | D:11     | Found a staircase to the Orcish Mines.
  9578 | D:11     | Noticed a two-headed ogre
  9594 | D:10     | Killed a two-headed ogre
  9595 | D:10     | Reached skill level 5 in Fighting
  9595 | D:10     | Reached skill level 5 in Armour
  9638 | D:11     | Reached skill level 5 in Shields
  9671 | D:11     | Noticed a manticore
  9761 | D:11     | Killed a manticore
  9762 | D:11     | Reached XP level 12. HP: 65/96 MP: 12/12
 10157 | D:11     | Noticed a two-headed ogre
 10164 | D:11     | Killed a two-headed ogre
 10674 | D:12     | Found a sacrificial altar of Ru.
 10897 | D:12     | You are sucked into a shaft and drop 3 floors!
 10897 | D:15     | Entered Level 15 of the Dungeon
 11440 | D:13     | Noticed a centaur warrior
 11448 | D:13     | Killed a centaur warrior
 11618 | D:12     | Noticed a two-headed ogre
 11629 | D:12     | Killed a two-headed ogre
 11630 | D:12     | Reached skill level 10 in Fighting
 11630 | D:12     | Reached XP level 13. HP: 93/113 MP: 13/13
 11643 | D:12     | Identified the +1 scale mail of the Harvest {rPois rF+
                  | Dex+4}
 12031 | Lair:1   | Entered Level 1 of the Lair of Beasts
 12474 | Lair:1   | Noticed Sonja
 12595 | Lair:1   | Killed Sonja
 14099 | Lair:2   | Lost mutation: You tend to lose your temper in combat.
                  | [potion of mutation]
 14099 | Lair:2   | Gained mutation: Your magical capacity is low. (-10% MP)
                  | [potion of mutation]
 14099 | Lair:2   | Gained mutation: You are partially covered in iridescent
                  | scales. (AC +2) [potion of mutation]
 14203 | Lair:3   | HP: 3/116 [eight-headed hydra (7)]
 14208 | Lair:3   | Reached skill level 1 in Evocations
 14528 | Lair:3   | Found a staircase to the Shoals.
 15021 | Lair:4   | Noticed Nessos
 15429 | Lair:4   | Bought a +2 cloak of preservation for 387 gold pieces
 15521 | Lair:4   | Found a hole to the Spider Nest.
 15530 | Lair:4   | Noticed Nergalle
 15549 | Lair:4   | Killed Nergalle
 15852 | Lair:4   | HP: 3/116 [poisoned by Nessos]
 15853 | Lair:4   | Succumbed to Nessos's poison

Illustrated notes

Levels and vault maps discovered:
D:1:      saegor_arrival_simple_b, layout_rooms
D:2:      layout_basic, uniq_jessica
D:3:      layout_loops_ring, serial_glass, glass_columns_b, glass_columns_a,
          amcnicky_mini_rare_corridor_liquid
D:4:      layout_rooms, nicolae_overflow_crystal_walls, minmay_strange_pillars
D:5:      layout_cave_pools, nemelex_dance_club_becter
D:6:      layout_loops_cross, nicolae_gozag_cash_rules_everything_around_me,
          serial_shops, nicolae_shop_trees, shop, nicolae_shop_crystal
D:7:      layout_basic, minmay_temple_entry_hall, serial_shops, shop_fountains
D:8:      layout_basic, nicolae_wu_jian_wuxing_cycle, erik_lair_island,
          nicolae_shop_overcharged_wands, uniq_maurice
D:9:      layout_roguey, mainiacjoe_overflow_six_doors_small
D:10:     cheibrodos_fzero, layout_irregular_city, lemuel_tele_altar,
          mainiacjoe_overflow_catwalk, hangedman_incinerator
D:11:     layout_basic, zombieorc2_lemuel
D:12:     layout_loops_ring, drop_trap, nicolae_ru_path_of_blood
D:13:     layout_loops_corners, grunt_vaults_entry_tiered,
          minmay_misc_feat_plants, einodemon_barbed_minivault
D:14:     layout_stronghold, enter_trove_3, minmay_misc_feat_room
D:15:     gammafunk_enter_depths_forms, layout_loops_cross, okawaru_gym_becter,
          gauntlet_entry_generic, chequers_serial_rivers_micro_a, led_sif_pool,
          uniq_louise
Temple:   regret_index_temple_generic_petals
Lair:1:   layout_layer_cave, serial_bayou_pond_e, grunt_forest_stairs_basic,
          grunt_megastairs_4, uniq_sonja
Lair:2:   layout_loops_ring
Lair:3:   layout_long_grid, minmay_shoals_entry_lonely_mermaid, st_stairs_8
Lair:4:   layout_cave_pods, spider_nest_entry_a, special_room
          [special_room_bee], uniq_nessos, uniq_nergalle

Skill      XL: |  1  2  3  4  5  6  7  8  9 10 11 12 13 |
---------------+----------------------------------------+-----
Axes           | 3 5 6 8 9 11 14 17 20 21 | 21.5
Fighting       | 6 10 11 | 11.6
Armour         | 5 8 9 |  9.8
Dodging        | 2 3 4 |  4.2
Shields        | 5 7 9 |  9.2
Evocations     | 1 |  1.5

Action                   |  1- 3 |  4- 6 |  7- 9 | 10-12 | 13-15 || total
-------------------------+-------+-------+-------+-------+-------++-------
Melee: War axe           |    80 |    98 |   322 |   680 |   254 ||  1434
Invok: Potion Petition   |       |       |       |     1 |     3 ||     4
       Call Merchant     |       |       |       |       |     1 ||     1
Evoke: Wand              |       |       |       |       |    15 ||    15
  Use: Potion            |       |       |    11 |     6 |    15 ||    32
       Scroll            |       |       |     6 |     8 |     8 ||    22
 Stab: Distracted        |       |       |     1 |     6 |     1 ||     8
       Invisible         |       |       |       |       |     7 ||     7
Armor: Scale mail        |    55 |    64 |   137 |   347 |   195 ||   798
       Skin              |       |       |    29 |       |       ||    29
Dodge: Dodged            |    55 |    48 |   143 |   297 |   198 ||   741
Block: Buckler           |       |       |       |    24 |    86 ||   110

Table legend: (Time is in decaauts)
 A = Elapsed time spent in this place.
 B = Non-inter-level travel time spent in this place.
 C = Inter-level travel time spent in this place.
 D = Time resting spent in this place.
 E = Time spent auto-exploring this place.
 F = Levels seen in this place.
 G = Mean time per level.
                   A        B        C        D        E       F      G
               +--------+--------+--------+--------+--------+-----+--------+
         Total |  15632 |  15019 |    613 |   1770 |  10279 |  20 |  781.6 |
       Dungeon |  11529 |  11058 |    471 |   1020 |   7707 |  15 |  768.6 |
        Temple |    296 |    267 |     29 |     49 |    186 |   1 |  296.0 |
          Lair |   3807 |   3695 |    112 |    700 |   2386 |   4 |  951.8 |
               +--------+--------+--------+--------+--------+-----+--------+

Top non-repeatable levels by time:
     D:7: 1497 daAuts
    D:10: 1278 daAuts
     D:6: 1272 daAuts
  Lair:1: 1204 daAuts
     D:5: 974 daAuts
  Lair:3: 961 daAuts
     D:8: 919 daAuts
  Lair:2: 902 daAuts
     D:4: 837 daAuts
    D:11: 827 daAuts
     D:9: 777 daAuts
  Lair:4: 739 daAuts
    D:12: 732 daAuts
     D:1: 605 daAuts
     D:3: 600 daAuts
